 Dungeon Crawl Stone Soup version 0.25-a0-949-gdd2af9e06e (webtiles) character file.

Game seed: 6548219139952207956, levelgen mode: deterministic

31 Flugslaktarn the Skirmisher (level 3, 0/33 HPs)
             Began as a Minotaur Fighter on May 9, 2020.
             Slain by an orc
             ... wielding a +0 trident
              (7 damage)
             ... on level 3 of the Dungeon.
             The game lasted 00:00:13 (402 turns).

Flugslaktarn the Skirmisher (Minotaur Fighter)       Turns: 402, Time: 00:00:14

Health: 0/33       AC:  7    Str: 21    XL:     3   Next: 7%
Magic:  2/2        EV:  7    Int:  5    God:
Gold:   49         SH:  0    Dex:  9    Spells: 2/2 levels left

rFire    . . .     SeeInvis .   a - +0 war axe
rCold    . . .     Gourm    .   c - +0 kite shield
rNeg     . . .     Faith    .   b - +0 scale mail
rPois    .         Spirit   .   (helmet restricted)
rElec    .         Reflect  .   (no cloak)
rCorr    .         Harm     .   (no gloves)
MR       .....                  (no boots)
Stlth    ..........             (no amulet)
HPRegen  0.11/turn              (no ring)
MPRegen  0.08/turn              (no ring)

@: confused
A: retaliatory headbutt, horns 2
a: no special abilities


You were on level 3 of the Dungeon.
You were not hungry.

You visited 1 branch of the dungeon, and saw 3 of its levels.

You collected 49 gold pieces.

Inventory:

Hand Weapons
 a - a +0 war axe (weapon)
Armour
 b - a +0 scale mail (worn)
 c - a +0 kite shield (worn)
Wands
 j - a wand of iceblast (10)
   (You found it on level 3 of the Dungeon)
Scrolls
 f - a scroll of amnesia {unknown}
 g - a scroll of blinking {unknown}
 h - a scroll of teleportation {unknown}
Potions
 d - 2 potions of might
 i - 2 potions of curing {unknown}
Comestibles
 e - a ration
 k - 2 chunks of flesh


   Skills:
 + Level 4.0 Fighting
 * Level 3.3 Axes
 + Level 4.0 Armour
 + Level 4.0 Shields


You had 2 spell levels left.
You didn't know any spells.
Your spell library was empty.

Dungeon Overview and Level Annotations

Branches:
Dungeon (3/15)

Altars:


Innate Abilities, Weirdness & Mutations

You reflexively headbutt those who attack you in melee.
You have a pair of horns on your head.


Message History

The magic dart hits you.
You closely miss something. Something hits you but does no damage.
You closely miss something. Something hits you but does no damage.
Something completely misses you.
Your scale mail prevents you from hitting something.
Something hits you but does no damage.
You miss something. Your headbutt misses something.
Something hits you but does no damage. You block the orc's attack.
You hear some strange, mumbled words.
You are confused.
You completely miss something. You closely miss the orc.
The orc hits you with a +0 trident. Something hits you but does no damage.
You completely miss something.
The adder hisses angrily.
Your headbutt misses something. You closely miss the orc.
The orc hits you with a +0 trident.
* * * LOW HITPOINT WARNING * * *
Something hits you but does no damage.
The orc hits you from afar with a +0 trident!
You die...

#.......#
##.######
######.###
#.........#
#.######..#
#..# #..#
#..#
.######@{#
.....S))[#
.##.####o#
... ..##
... ...#
...# ...#


You could see an adder and an orc.

Vanquished Creatures
  An adder (D:2)
  6 orcs (D:3)
  A bat zombie (D:1)
  A giant cockroach (D:3)
  A hobgoblin (D:3)
  2 kobolds
  A quokka (D:2)
  A leopard gecko zombie (D:1)
  2 rats (D:1)
16 creatures vanquished.

Notes
Turn   | Place    | Note
-------+----------+-------------------------------------------
     0 | D:1      | Flugslaktarn the Minotaur Fighter began the quest for the
                  | Orb.
     0 | D:1      | Reached XP level 1. HP: 19/19 MP: 0/0
   100 | D:2      | Reached XP level 2. HP: 23/27 MP: 1/1
   393 | D:3      | Reached XP level 3. HP: 18/33 MP: 2/2
   402 | D:3      | Slain by an orc

Levels and vault maps discovered:
D:1:      saegor_arrival_fortress, layout_basic, nrook_mini_vaults, minivault_27
D:2:      layout_loops_ring, grunt_temple_overflow_open, first_ration,
          fedhas_altar_4, uniq_jessica
D:3:      layout_loops_ring, st_stairs_14, hangedman_abyss_or_decor_lesser_grid,
          minmay_distorted

Skill      XL: |  1  2  3 |
---------------+----------+-----
Axes           | 3 |  3.3
Fighting       | 4 |  4.0
Armour         | 4 |  4.0
Shields        | 4 |  4.0

Action                   || total
-------------------------++-------
Melee: War axe           ||    39
       Headbutt          ||     5
Armor: Scale mail        ||    18
Dodge: Dodged            ||    13
Block: Kite shield       ||    28

Table legend:
 A = Non-vault XP
 B = Vault XP
 C = Vault XP percentage of total XP
 D = Non-vault monster count
 E = Vault monster count
 F = Vault count percentage of total count
                 A         B        C        D         E       F
            +---------+---------+-------+---------+---------+-------
      Total |      39 |       6 |  13.3 |      13 |       3 |  18.8
            +---------+---------+-------+---------+---------+-------
        D:1 |       4 |       3 |  42.9 |       3 |       2 |  40.0
        D:2 |      15 |       0 |   0.0 |       2 |       0 |   0.0
        D:3 |      20 |       3 |  13.0 |       8 |       1 |  11.1
            +---------+---------+-------+---------+---------+-------
